AoeStats
← nicolas.st-pierre.19

Arabia

506847645Analyzed
1v1 RM · 17d ago on Sep 15, 2026· 23m 43s· 2 players
Game mode
Random Map
Map size
Tiny (2 player)
Population
200
Speed
Normal
Resources
Standard
Victory
Conquest
Starting age
Dark Age
Ending age
Imperial Age
RankedLock teamsTeams togetherTeam positionsShared explorationLock speedFull tech treeHidden civsTurbo modeCheats
Victory
Defeat
🇦🇷 Malians · Argentina
1045
+15
🇨🇦 Huns · Canada
1031
-15
nicolas.st-pierre.19
8:07 Loom
11:15 Feudal Age
12:14 Double-Bit Axe
12:28 Town Watch
12:40 Horse Collar
19:20 Castle Age
18:53 Forging
20:25 Gold Mining
20:45 Fletching
22:12 Padded Archer Armor
23:14 Bow Saw
Scorpio1303
2:46 Loom
10:47 Feudal Age
15:53 Castle Age
14:04 Double-Bit Axe
17:31 Scale Mail Armor
Connection lost

Rejoining the realm…

Still unreachable

The connection could not be restored.

Session expired

The server has moved on; the page needs a fresh start.